Map: Ruines de Seras

Players

rodent - Winner!

  • Race: Zerg Zerg
  • League: Diamond

Worming

  • Race: Zerg Zerg
  • League: Diamond

VOD

Have the link to the VOD?

Description

Time

  • Played on: Nov. 14, 2015, 3:42 p.m.
  • Length: 11:46
Show
View Real Time Build Order
Export as new Build Order

rodent Zerg - Winner!

Build Orders: Hatch First 

Get SALT Encoding   

  12  0:00  Drone  
  13  0:09  Drone  
  14  0:37  Hatchery  
  14  0:39  Drone  
  14  0:57  Spawning Pool  
  14  0:59  Drone  
  14  1:07  Overlord  
  14  1:15  Drone, Extractor  
  15  1:20  Extractor  
  14  1:25  Drone  
  14  1:27  Drone  
  16  1:37  Drone  
  17  1:45  Queen  
  19  1:50  Queen  
  21  1:54  Drone  
  21  1:58  Drone  
  23  2:02  Zergling x2  
  23  2:08  Drone  
  25  2:10  Drone  
  25  2:14  Drone  
  27  2:20  Overlord  
  27  2:27  Metabolic Boost  
  27  2:34  Drone  
  28  2:39  Drone  
  28  2:40  Drone x2  
  31  2:45  Baneling Nest  
  31  2:48  Drone  
  31  2:52  Drone  
  31  2:57  Drone  
  33  3:03  Overlord  
  33  3:04  Drone x2  
  34  3:09  Drone  
  35  3:20  Overlord  
  35  3:22  Drone  
  35  3:23  Zergling x2  
  35  3:24  Drone x2  
  39  3:30  Drone  
  41  3:34  Drone  
  41  3:39  Drone  
  42  3:41  Queen  
  42  3:42  Drone  
  45  3:52  Roach Warren  
  45  3:54  Evolution Chamber  
  45  3:55  Evolution Chamber  
  42  3:56  Drone x6, Extractor  
  42  3:57  Extractor  
  46  4:05  Drone  
  46  4:09  Overlord  
  47  4:36  Lair  
  47  4:40  Drone x2  
  47  4:41  Zerg Missile Weapons Level 1  
  47  4:43  Roach, Zerg Ground Armor Level 1  
  51  4:46  Baneling  
  51  4:53  Extractor  
  51  4:54  Zergling x2  
  51  4:55  Zergling x12  
  57  5:14  Extractor  
  57  5:15  Roach  
  57  5:16  Overlord  
  58  5:23  Hatchery  
  58  5:33  Baneling  
  58  5:38  Drone x4, Extractor  
  61  5:44  Roach x3  
  66  5:50  Roach  
  66  5:54  Glial Reconstitution  
  66  5:56  Overlord x5  
  68  6:09  Roach  
  68  6:10  Roach x2  
  68  6:11  Roach  
  68  6:12  Roach  
  68  6:14  Roach x3  
  74  6:23  Roach x2  
  79  6:30  Hatchery  
  78  6:34  Hatchery  
  78  6:35  Roach x2  
  78  6:39  Zerg Missile Weapons Level 2, Zerg Ground Armor Level 2  
  81  6:41  Overseer  
  81  6:44  Roach  
  81  6:45  Roach  
  85  6:48  Overseer  
  85  7:00  Zergling x2  
  85  7:01  Zergling x2  
  87  7:05  Zergling x12  
  87  7:06  Zergling x2  
  94  7:12  Evolution Chamber  
  94  7:14  Zergling x2  
  94  7:23  Zergling x4  
  94  7:25  Baneling x2  
  94  7:29  Baneling  
  96  7:30  Baneling x15  
  96  7:32  Roach  
  96  7:33  Roach  
  100  7:38  Spore Crawler  
  100  7:40  Spore Crawler  
  100  7:41  Spore Crawler  
  100  7:43  Spore Crawler, Drone x3  
  99  7:45  Drone  
  99  7:46  Drone  
  99  7:50  Drone x3  
  103  7:52  Drone  
  103  7:55  Drone  
  104  8:01  Drone  
  104  8:02  Drone  
  96  8:17  Drone  
  96  8:18  Hydralisk Den  
  96  8:19  Spine Crawler  
  93  8:20  Spore Crawler, Roach x2  
  93  8:21  Spore Crawler, Roach  
  89  8:27  Roach x2  
  89  8:33  Roach x2  
  85  8:35  Roach x2  
  85  8:40  Roach  
  83  8:46  Roach x3  
  83  8:48  Hydralisk  
  79  8:51  Hydralisk  
  81  9:03  Hydralisk x3  
  87  9:15  Hydralisk x5  
  97  9:31  Overlord x4  
  97  9:51  Hydralisk  
  97  9:52  Hydralisk x6  
  111  10:10  Hydralisk x2  
  111  10:11  Hydralisk x2  
  119  10:15  Overlord x2  
  119  10:16  Overlord  
  119  10:37  Overlord x2  
  119  10:47  Roach x6  
  131  10:50  Overseer  
  131  10:52  Hatchery  
  130  11:04  Hydralisk  
  130  11:05  Hydralisk x4  
Show
View Real Time Build Order
Export as new Build Order

Worming Zerg 

Build Orders: Hatch First 

Get SALT Encoding   

  12  0:00  Drone  
  13  0:12  Overlord  
  13  0:18  Drone  
  14  0:31  Drone x2  
  16  0:36  Drone  
  17  0:53  Hatchery  
  17  0:56  Drone  
  17  1:01  Drone  
  17  1:03  Extractor  
  17  1:16  Spawning Pool  
  16  1:20  Drone  
  16  1:24  Drone  
  18  1:30  Drone  
  19  1:41  Drone  
  20  1:50  Overlord  
  20  2:03  Queen  
  20  2:05  Zergling x2  
  20  2:08  Queen  
  23  2:09  Drone  
  23  2:13  Drone  
  27  2:17  Metabolic Boost  
  27  2:25  Baneling Nest  
  27  2:27  Drone  
  27  2:32  Drone  
  27  2:33  Drone  
  27  2:36  Drone  
  30  2:47  Overlord  
  29  3:12  Zergling x6  
  32  3:14  Drone x6  
  32  3:19  Overlord  
  38  3:26  Spine Crawler  
  37  3:35  Drone, Evolution Chamber  
  37  3:36  Evolution Chamber  
  36  3:42  Drone x3  
  36  3:44  Drone  
  36  3:47  Overlord  
  40  3:55  Drone x6  
  46  4:08  Zerg Melee Weapons Level 1, Zerg Ground Armor Level 1  
  46  4:15  Hatchery  
  45  4:22  Extractor  
  44  4:33  Overlord  
  44  4:34  Queen, Lair  
  44  4:38  Drone x3, Extractor  
  48  4:39  Drone x3  
  51  4:59  Baneling  
  51  5:08  Overlord  
  51  5:09  Extractor  
  51  5:10  Drone x3  
  53  5:17  Zergling x2  
  53  5:18  Zergling x12  
  59  5:31  Overlord  
  59  5:32  Zergling x2  
  59  5:33  Zergling x6  
  63  5:36  Spire  
  63  5:37  Hatchery  
  61  5:52  Queen  
  61  5:54  Drone x7  
  70  6:02  Zerg Melee Weapons Level 2  
  70  6:03  Zerg Ground Armor Level 2  
  70  6:08  Extractor  
  70  6:10  Extractor  
  60  6:19  Zergling x2  
  60  6:20  Zergling x16  
  67  6:29  Queen  
  68  6:36  Drone x3  
  68  6:37  Drone x2  
  73  6:44  Queen  
  75  6:48  Zerg Flyer Weapons Level 1  
  75  6:50  Infestation Pit, Mutalisk x3  
  79  6:57  Drone x5  
  83  7:13  Drone x3  
  83  7:14  Drone  
  87  7:18  Overlord  
  87  7:19  Zergling x2  
  88  7:23  Overlord  
  88  7:28  Hatchery  
  87  7:33  Mutalisk  
  87  7:34  Mutalisk x3  
  87  7:36  Zergling x2  
  87  7:37  Zergling x4  
  88  8:01  Zergling x2  
  88  8:02  Zergling x24  
  72  8:13  Zergling x6  
  55  8:56  Hive  
  55  9:03  Queen  
  55  9:06  Zergling x8  
  55  9:08  Hatchery  
  58  9:16  Hatchery  
  57  9:19  Extractor x2  
  57  9:23  Zergling x2  
  58  9:24  Zergling x2  
  58  9:30  Drone x6  
  65  9:46  Drone x7  
  72  10:12  Overlord x2  
  72  10:13  Overlord  
  72  10:14  Drone x3  
  72  10:15  Drone x2  
  72  10:16  Drone  
  72  10:17  Drone x2  
  80  10:37  Ultralisk Cavern  
  80  10:38  Drone x2  
  80  10:39  Drone x2  
  83  10:54  Drone  
  84  10:57  Baneling  
  84  10:58  Baneling x7  
  84  10:59  Zergling x20  
  84  11:00  Zergling x2  
Tags
 
Add a new tag
Caveats
  • Supply blocks, unpowered buildings, or Contaminate may cause inaccurate times.
  • Supply counts are checked every 10 seconds.